AoeStats
← 2-ray

Arena

506234278Analyzed
4v4 RM · 18d ago on Sep 12, 2026· 30m 22s· 8 players
Game mode
Random Map
Map size
Large (8 player)
Population
200
Speed
Normal
Resources
Standard
Victory
Conquest
Starting age
Dark Age
Ending age
Imperial Age
RankedLock teamsTeams togetherTeam positionsShared explorationLock speedFull tech treeHidden civsTurbo modeCheats
Victory
Defeat
🇩🇪 Vikings · Germany
1490
+14
🇩🇪 Lithuanians · Germany
1454
+15
🇺🇦 Italians · Ukraine
1436
+16
🇩🇪 Berbers · Germany
1289
+21
🇲🇽 Bengalis · Mexico
1468
-18
🇲🇽 Khmer · Mexico
1460
-18
🇹🇷 Persians · Türkiye
1415
-16
🇲🇽 Berbers · Mexico
1370
-14
joniis1095
10:05 Feudal Age
10:14 Loom
14:37 Castle Age
12:54 Loom
17:04 Redemption
17:18 Sanctity
18:15 Redemption
18:02 Pikeman
KOBU ︻芫 ———
7:34 Loom
11:53 Feudal Age
13:52 Double-Bit Axe
13:48 Horse Collar
16:50 Castle Age
14:52 Gold Mining
14:53 Stone Mining
18:43 Bow Saw
24:00 Fletching
24:54 Heavy Plow
25:56 Bodkin Arrow
26:16 Padded Archer Armor
26:40 Scale Barding Armor
28:08 Ballistics
29:53 Chain Barding Armor
29:49 Leather Archer Armor
Sastre ᴿˢ-
10:05 Feudal Age
14:23 Castle Age
13:16 Fletching
15:36 Loom
26:20 Double-Bit Axe
28:30 Horse Collar
29:58 Wheelbarrow
Ramci
10:56 Feudal Age
14:46 Castle Age
12:53 Double-Bit Axe
13:14 Horse Collar
15:33 Bow Saw
19:40 Loom
20:33 Wheelbarrow
21:49 Bloodlines
22:26 Forging
25:14 Scale Barding Armor
jude
10:33 Feudal Age
14:24 Castle Age
12:29 Double-Bit Axe
14:08 Horse Collar
15:46 Fletching
18:55 Town Watch
19:19 Loom
22:43 Bow Saw
25:16 Wheelbarrow
29:04 Imperial Age
26:27 Gold Mining
27:18 Bodkin Arrow
28:01 Ballistics
28:07 Padded Archer Armor
29:48 Bracer
30:49 Chemistry
TrCL.MAN1AC
10:53 Feudal Age
14:25 Castle Age
12:44 Double-Bit Axe
12:47 Horse Collar
13:21 Gold Mining
15:28 Bow Saw
17:52 Crossbowman
18:24 Fletching
24:55 Bodkin Arrow
25:02 Padded Archer Armor
28:34 Ballistics
32:15 Imperial Age
30:26 Stone Mining
30:41 Heavy Plow
Replikator
11:17 Feudal Age
14:58 Castle Age
13:14 Double-Bit Axe
15:33 Scale Barding Armor
17:05 Gold Mining
18:03 Forging
21:12 Horse Collar
22:40 Bow Saw
24:42 Bloodlines
27:20 Husbandry
2-ray
10:58 Feudal Age
12:32 Double-Bit Axe
15:02 Castle Age
12:56 Horse Collar
19:17 Wheelbarrow
18:55 Fervor
20:26 Heavy Plow
22:29 Bow Saw
25:10 Hand Cart
26:17 Gold Mining
26:18 Stone Mining
30:12 Imperial Age
27:47 Husbandry
27:58 Bloodlines
28:22 Loom
29:40 Sanctity
29:50 Treadmill Crane
30:59 Stone Shaft Mining
30:32 Scale Barding Armor
30:37 Forging
Connection lost

Rejoining the realm…

Still unreachable

The connection could not be restored.

Session expired

The server has moved on; the page needs a fresh start.